Map: 2000 Atmospheres LE

Players

HeroMarine - Winner!

  • Race: Terran Terran

Lambo

  • Race: Zerg Zerg

Event: IEM Katowice 2022

VOD

Have the link to the VOD?

Description

Time

  • Played on: Feb. 25, 2022, 5:42 a.m.
  • Length: 10:37

All games in this series

Show
View Real Time Build Order
Export as new Build Order

HeroMarine Terran - Winner!

Build Orders: Reaper Expand 

Get SALT Encoding   

  12  0:00  SCV  
  13  0:12  SCV  
  14  0:16  Supply Depot  
  14  0:24  SCV  
  15  0:38  SCV  
  15  0:40  Barracks  
  16  0:43  Refinery  
  16  0:50  SCV  
  17  1:02  SCV  
  18  1:14  SCV  
  19  1:26  Reaper  
  19  1:27  Orbital Command  
  20  1:39  Command Center  
  20  1:48  Supply Depot  
  20  1:52  SCV  
  21  1:58  Marine  
  22  2:04  SCV  
  23  2:10  Factory  
  23  2:16  SCV  
  23  2:20  Barracks Reactor  
  24  2:28  SCV  
  25  2:40  SCV  
  25  2:41  Command Center  
  26  2:51  Orbital Command  
  26  2:52  SCV  
  27  3:02  Marine x2  
  27  3:03  Factory Tech Lab  
  27  3:04  SCV  
  29  3:16  SCV  
  30  3:23  SCV  
  31  3:28  Barracks  
  31  3:29  SCV  
  31  3:30  Hellion x2  
  31  3:32  Stimpack  
  31  3:33  Marine  
  37  3:36  SCV  
  37  3:41  SCV  
  40  3:48  SCV  
  40  3:51  Marine, Hellion x2  
  40  3:53  SCV  
  40  3:55  Orbital Command  
  46  4:00  SCV  
  46  4:01  Refinery  
  47  4:05  SCV  
  47  4:07  Starport  
  47  4:09  Marine  
  49  4:12  SCV  
  50  4:17  SCV  
  50  4:20  SCV  
  50  4:21  Refinery, Factory Reactor  
  50  4:23  Marine x2  
  54  4:24  SCV  
  54  4:27  Marine  
  54  4:29  SCV  
  54  4:30  Supply Depot  
  57  4:33  SCV, Supply Depot  
  57  4:37  SCV  
  59  4:40  Marine  
  59  4:41  Marine  
  61  4:48  Engineering Bay  
  61  4:49  Refinery  
  61  4:50  Engineering Bay  
  61  4:52  Marine, SCV x3  
  65  4:56  Supply Depot  
  65  4:58  Marine x2  
  67  5:03  Medivac x2  
  67  5:04  SCV x2  
  67  5:06  Orbital Command  
  74  5:07  Supply Depot  
  74  5:11  Marine, Factory Reactor  
  74  5:14  Barracks  
  74  5:16  SCV  
  74  5:18  Terran Infantry Weapons Level 1  
  74  5:19  Terran Infantry Armor Level 1  
  74  5:20  SCV  
  76  5:25  Marine  
  76  5:26  Marine  
  79  5:28  SCV  
  79  5:30  Marine  
  79  5:31  Combat Shield  
  79  5:32  Supply Depot  
  79  5:34  SCV x2  
  82  5:40  SCV  
  83  5:43  Marine  
  83  5:44  Marine  
  83  5:46  SCV x2  
  83  5:47  Medivac  
  83  5:48  Marine, Medivac  
  92  5:52  SCV  
  92  5:54  Supply Depot x2  
  93  5:58  SCV x2  
  93  6:01  Marine  
  93  6:02  Marine  
  93  6:03  Barracks Reactor, Hellion  
  93  6:04  Hellion  
  101  6:07  Armory  
  101  6:12  Supply Depot  
  101  6:15  SCV x3  
  101  6:17  Supply Depot  
  104  6:22  Marine x2  
  104  6:23  Marine  
  104  6:25  Hellion x2, Medivac  
  111  6:28  Medivac  
  117  6:36  Barracks  
  117  6:37  SCV  
  117  6:38  SCV x2, Barracks  
  117  6:39  Marine  
  117  6:41  Marine x2  
  117  6:43  Marine  
  117  6:44  Marine  
  121  6:50  SCV  
  121  6:52  SCV x2  
  126  6:54  Hellion x2  
  126  6:56  Medivac  
  126  6:57  Marine  
  126  6:58  Medivac  
  133  7:02  Supply Depot  
  133  7:03  Supply Depot  
  133  7:04  Marine x3  
  136  7:12  Marine  
  136  7:15  Marine  
  128  7:17  Terran Infantry Weapons Level 2, Factory  
  128  7:18  Refinery  
  128  7:20  Terran Infantry Armor Level 2  
  128  7:22  Marine x3  
  129  7:24  Widow Mine  
  129  7:25  Widow Mine  
  136  7:30  SCV  
  136  7:33  SCV x2, Marine  
  136  7:35  Barracks Reactor  
  132  7:41  Marine x3  
  132  7:42  Medivac  
  128  7:45  SCV  
  128  7:46  Hellion x2, Medivac  
  128  7:48  Marine  
  128  7:49  Refinery  
  128  7:50  Barracks Reactor, Supply Depot  
  135  7:51  Marine  
  136  7:59  Marine x2  
  136  8:01  Marine, Barracks  
  136  8:02  Barracks  
  136  8:03  Barracks  
  139  8:06  Marine, Factory Tech Lab  
  139  8:09  Marine  
  137  8:13  SCV x3  
  137  8:16  Marine  
  131  8:21  Command Center  
  131  8:26  Widow Mine x2, Siege Tank  
  128  8:28  Medivac x2  
  128  8:29  Marine x2  
  132  8:36  Marine x3  
  132  8:37  Marine x3  
  132  8:38  Marine  
  131  8:45  Supply Depot  
  131  8:47  Marine x2  
  133  8:53  Barracks Tech Lab  
  133  8:54  Marine x3  
  133  8:55  Marine, Barracks Tech Lab  
  135  8:56  Marine x2  
  135  8:57  SCV x3  
  135  8:59  Marine  
  135  9:00  Siege Tank  
  135  9:01  Factory Tech Lab  
  148  9:04  Marine  
  148  9:05  Marine  
  148  9:09  Marine x2  
  149  9:12  Marine  
  146  9:17  Medivac x2  
  146  9:18  Sensor Tower, Marauder x2  
  146  9:21  Marine, Marauder  
  146  9:24  Marine  
  153  9:32  Siege Tank  
  153  9:33  Marine x3  
  153  9:35  Marine x3  
  153  9:36  Marine x2  
  164  9:39  Marauder x2  
  156  9:54  Marauder  
  156  9:55  Marine x2  
  156  9:57  Marine  
  156  9:58  Marine x5  
  161  10:00  Marine x2  
  161  10:01  Marauder x2  
  160  10:13  Marine x2  
  161  10:15  Marine x4  
  161  10:16  Marine  
Show
View Real Time Build Order
Export as new Build Order

Lambo Zerg 

Build Orders: Hatch First 

Get SALT Encoding   

  12  0:00  Drone  
  13  0:12  Overlord  
  13  0:17  Drone  
  14  0:30  Drone x2  
  16  0:48  Hatchery  
  15  0:51  Drone  
  15  0:54  Drone  
  17  0:57  Drone  
  18  1:08  Extractor  
  17  1:13  Spawning Pool  
  17  1:16  Drone  
  17  1:19  Drone  
  18  1:29  Drone  
  19  1:38  Drone  
  20  1:49  Drone  
  21  1:59  Queen  
  21  2:00  Zergling x4, Queen  
  27  2:10  Drone  
  27  2:11  Overlord  
  28  2:24  Extractor  
  28  2:25  Overlord, Drone  
  28  2:32  Drone  
  28  2:35  Drone  
  29  2:38  Queen  
  29  2:41  Extractor  
  29  2:43  Drone  
  32  2:46  Metabolic Boost  
  32  2:53  Hatchery  
  32  2:54  Drone  
  33  2:59  Drone x2  
  33  3:00  Extractor  
  35  3:09  Drone x2  
  35  3:10  Drone x3  
  40  3:14  Overlord, Drone  
  40  3:17  Drone  
  40  3:19  Drone  
  43  3:22  Overlord  
  42  3:29  Drone  
  42  3:32  Overlord  
  43  3:39  Drone  
  44  3:43  Drone  
  44  3:46  Queen x2  
  49  3:50  Drone  
  49  3:51  Drone  
  51  3:58  Drone x6  
  57  4:03  Zergling x2  
  57  4:05  Overlord  
  57  4:06  Zergling x2, Queen  
  61  4:13  Zergling x2  
  61  4:15  Drone  
  63  4:18  Drone  
  63  4:21  Queen  
  66  4:24  Overlord  
  66  4:25  Drone x2  
  66  4:27  Overlord, Drone x2  
  66  4:30  Baneling Nest  
  69  4:33  Extractor  
  69  4:34  Lair  
  69  4:37  Drone x3  
  71  4:39  Drone x2  
  71  4:40  Drone  
  71  4:45  Queen  
  76  4:48  Drone  
  76  4:52  Zergling x4  
  79  4:58  Drone x3  
  79  4:59  Drone x3  
  85  5:03  Drone x5  
  85  5:05  Queen  
  85  5:06  Extractor  
  91  5:07  Extractor  
  91  5:13  Hatchery, Drone  
  90  5:16  Zergling x4  
  90  5:18  Spore Crawler  
  91  5:21  Zergling x2  
  91  5:22  Extractor, Zergling x2  
  91  5:24  Extractor  
  91  5:28  Baneling x5  
  91  5:29  Zergling x8, Baneling x2  
  91  5:30  Evolution Chamber x2  
  91  5:34  Baneling  
  91  5:35  Zergling x8  
  97  5:37  Overlord  
  97  5:39  Centrifugal Hooks  
  97  5:41  Zergling x2  
  98  5:44  Overlord  
  98  5:47  Overlord x2  
  98  5:51  Overlord x2  
  98  5:53  Overlord  
  98  5:57  Zerg Melee Weapons Level 1  
  98  6:00  Drone  
  98  6:02  Overlord  
  100  6:05  Drone x3  
  100  6:08  Queen  
  105  6:12  Drone  
  105  6:13  Drone x2  
  105  6:16  Zergling x8  
  112  6:20  Baneling x3  
  112  6:21  Zergling x4  
  114  6:28  Drone x5  
  114  6:29  Zerg Ground Armor Level 1  
  114  6:30  Hydralisk Den  
  114  6:32  Drone  
  117  6:37  Spore Crawler  
  117  6:39  Zergling x10  
  119  6:42  Zergling x4  
  119  6:44  Queen  
  118  6:49  Zergling x4  
  118  6:51  Zergling x8  
  122  6:59  Baneling x2, Hydralisk x5  
  132  7:03  Drone x4  
  132  7:04  Zergling x2  
  132  7:06  Drone  
  137  7:13  Zergling x2  
  137  7:14  Zergling x10  
  135  7:16  Baneling  
  135  7:17  Baneling x2  
  135  7:19  Drone x2  
  135  7:20  Baneling x2  
  135  7:21  Zergling x4  
  139  7:24  Zergling x2  
  139  7:25  Baneling x4  
  139  7:28  Overlord  
  139  7:29  Zergling x2  
  140  7:30  Zergling x12  
  140  7:32  Zergling x2  
  140  7:35  Zergling x4  
  128  7:39  Zergling x2  
  128  7:43  Queen x2  
  119  7:45  Zergling x2  
  119  7:46  Baneling  
  119  7:49  Zergling x10  
  119  7:50  Baneling x2  
  119  7:51  Baneling x3, Spore Crawler  
  125  7:53  Zergling x2, Baneling x3  
  125  7:57  Zergling x8  
  129  8:02  Baneling x4  
  129  8:03  Zergling x8  
  133  8:06  Grooved Spines  
  133  8:11  Zergling x4  
  127  8:13  Baneling, Hydralisk x2  
  127  8:14  Baneling x8  
  127  8:19  Zergling x6  
  123  8:22  Zergling x8  
  123  8:25  Zergling x2  
  116  8:28  Zergling x4  
  116  8:31  Drone x2  
  115  8:34  Hydralisk x2  
  115  8:37  Drone x2  
  115  8:41  Drone  
  121  8:43  Hydralisk  
  121  8:45  Overseer  
  121  8:48  Drone x2  
  125  8:50  Drone  
  125  8:54  Overseer, Hydralisk x2  
  127  8:56  Hydralisk  
  127  8:58  Drone x2  
  127  9:01  Zergling x4  
  133  9:07  Zergling x8  
  133  9:11  Zergling x8  
  133  9:13  Zergling x2  
  133  9:15  Queen  
  140  9:17  Muscular Augments, Hydralisk x2  
  140  9:21  Baneling x5  
  140  9:22  Zergling x4  
  145  9:24  Baneling x3  
  145  9:25  Zergling x4  
  145  9:27  Zergling x2  
  145  9:28  Zergling x4  
  142  9:31  Zergling x6  
  142  9:34  Baneling x5  
  142  9:36  Zergling x2  
  142  9:38  Zergling x10  
  150  9:40  Zergling x2  
  150  9:43  Zergling x2  
  147  9:46  Infestation Pit  
  147  9:48  Zergling x2  
  127  9:56  Zergling x10  
  127  9:57  Baneling x8  
  127  9:59  Hydralisk  
  120  10:03  Zergling x4  
  120  10:04  Zergling x2  
  116  10:07  Baneling  
  116  10:10  Zergling x6  
  116  10:13  Zergling x6  
  119  10:16  Zergling x2  

Tags
 
Add a new tag
Caveats
  • Supply blocks, unpowered buildings, or Contaminate may cause inaccurate times.
  • Supply counts are checked every 10 seconds.